 Dungeon Crawl Stone Soup version 0.29.1-15-g9cfb28693d (webtiles) character file.

Game seed: 5579349820099926059

8 Ast3rio the Trooper (level 2, -1/24 HPs)
             Began as a Mummy Berserker on Mar 13, 2023.
             Was a Follower of Trog.
             Slain by a gnoll
             ... wielding a +0 whip
              (4 damage)
             ... on level 1 of the Dungeon.
             The game lasted 00:00:27 (615 turns).

Ast3rio the Trooper (Mummy Berserker)                Turns: 615, Time: 00:00:27

Health: -1/24      AC:  2    Str: 20    XL:     2   Next: 0%
Magic:  2/2        EV: 12    Int:  6    God:    Trog [*.....]
Gold:   0          SH:  0    Dex: 11    Spells: 1/1 levels left

rFire   x . .      SeeInvis .   a - +0 mace
rCold   + . .      Faith    .   (no shield)
rNeg    + + +      Spirit   .   b - +0 animal skin
rPois   ∞          Reflect  .   (no helmet)
rElec   .          Harm     .   (no cloak)
rCorr   .          Rampage  .   (no gloves)
Will    .....                   (no boots)
Stlth   +.........              (no amulet)
HPRegen 0.08/turn               (no ring)
MPRegen 0.08/turn               (no ring)

@: no status effects
A: cold resistance 1, negative energy resistance 3, torment resistance 2, heat
vulnerability 1, no potions
a: Renounce Religion


You were on level 1 of the Dungeon.
You worshipped Trog.
Trog was aware of your devotion.
You visited 1 branch of the dungeon, and saw 1 of its levels.

Inventory:

Hand Weapons
 a - a +0 mace (weapon)
Armour
 b - a +0 animal skin (worn)
Scrolls
 c - a scroll of amnesia {unknown}
 d - a scroll of poison {unknown}


   Skills:
 + Level 3.1 Fighting
 + Level 2.4 Maces & Flails
 + Level 1.5 Armour
 + Level 1.8 Dodging
 + Level 0.3 Stealth


You had one spell level left.
You didn't know any spells.
Your spell library was empty.

Dungeon Overview and Level Annotations

Branches:
Dungeon (1/15)

Altars:


Innate Abilities, Weirdness & Mutations

You are immune to poison.
Your flesh is cold resistant. (rC+)
You are immune to negative energy. (rN+++)
You are immune to unholy pain and torment.
You are vulnerable to heat. (rF-)
You do not drink.


Message History

You see here 6 stones.
You barely miss the hobgoblin. The hobgoblin hits you.
A hobgoblin comes into view.
The hobgoblin misses you.
The hobgoblin shouts!
You hit the hobgoblin.
The hobgoblin is severely wounded.
You hear a bark!
The hobgoblin hits you.
A gnoll comes into view. It is wielding a +0 whip.
You closely miss the hobgoblin.
The hobgoblin is heavily wounded.
The jackal bites you but does no damage.
The hobgoblin closely misses you. The jackal bites you.
You hit the hobgoblin.
You kill the hobgoblin!
Trog accepts your kill. The jackal misses you. The jackal closely misses you.
The jackal barely misses you. The jackal attacks as you move away!
The jackal closely misses you. The hobgoblin barely misses you.
The jackal closely misses you.
You sock the hobgoblin!
You kill the hobgoblin!
Trog accepts your kill. The jackal barely misses you.
The gnoll hits you with a +0 whip. The jackal barely misses you.
You have reached level 2!
You hit the gnoll but do no damage. The jackal bites you.
* * * LOW HITPOINT WARNING * * *
The gnoll hits you with a +0 whip.
* * * LOW HITPOINT WARNING * * *
You closely miss the gnoll. The jackal bites you.
* * * LOW HITPOINT WARNING * * *
The gnoll closely misses you.
A jackal comes into view.
The jackal closely misses you.
You sock the gnoll!
The gnoll is severely wounded.
The jackal misses you. The gnoll hits you with a +0 whip.
You die...

. h ## .###
... ..# ....
#.# .....
#.####
......###....#
#>.hg@h(.#.#
####.###...#
... #...# ####
##.## #.# #.#
#.# #.## #..#


You could see a gnoll and 2 jackals.

Vanquished Creatures
  An endoplasm (D:1)
  3 hobgoblins (D:1)
  A quokka (D:1)
  A bat (D:1)
  A kobold (D:1)
7 creatures vanquished.

Notes
Turn   | Place    | Note
-------+----------+-------------------------------------------
     0 | D:1      | Ast3rio the Mummy Berserker began the quest for the Orb.
     0 | D:1      | Reached XP level 1. HP: 18/18 MP: 1/1
   613 | D:1      | Reached XP level 2. HP: 8/24 MP: 2/2
   615 | D:1      | Slain by a gnoll

Illustrated notes

Levels and vault maps discovered:
D:1:      matt_arrival_spirals, layout_basic, hellmonk_ecumenical_altar_lost_god

Action                   || total
-------------------------++-------
Melee: Mace              ||    21
Armor: Animal skin       ||     8
Dodge: Dodged            ||    25
